Map: Daybreak LE (Void)

Players

MakeAllry - Winner!

  • Race: Protoss Protoss
  • League: Gold
  • Spawn Location: 7:00

A.I. 1 (Medium)

  • Race: Zerg Zerg
  • Spawn Location: 1:00

VOD

Have the link to the VOD?

Description

test vs ia

Time

  • Played on: Dec. 25, 2016, 2:24 p.m.
  • Length: 13:05
Show
View Real Time Build Order
Export as new Build Order

MakeAllry Protoss - Winner!

Build Orders: 1 Gate Expand 

Get SALT Encoding   

  12  0:01  Probe (Chrono Boost)  
  13  0:12  Probe (Chrono Boost)  
  14  0:19  Pylon  
  14  0:27  Probe (Chrono Boost)  
  15  0:33  Assimilator  
  15  0:40  Gateway  
  15  0:45  Probe (Chrono Boost)  
  16  0:55  Probe (Chrono Boost)  
  17  1:20  Nexus  
  17  1:26  Probe (Chrono Boost)  
  18  1:37  Cybernetics Core  
  18  1:42  Probe (Chrono Boost)  
  19  1:52  Probe (Chrono Boost)  
  20  1:56  Pylon  
  20  1:59  Assimilator  
  20  2:03  Probe (Chrono Boost)  
  21  2:12  Zealot  
  21  2:14  Probe (Chrono Boost)  
  24  2:25  Probe (Chrono Boost)  
  25  2:31  Warp Gate  
  26  2:37  Probe (Chrono Boost)  
  26  2:38  Probe (Chrono Boost)  
  26  2:39  Stalker  
  29  2:49  Probe x2 (Chrono Boost)  
  31  2:59  Assimilator  
  31  3:00  Assimilator  
  31  3:01  Probe (Chrono Boost)  
  31  3:03  Probe (Chrono Boost), Pylon  
  34  3:14  Probe (Chrono Boost), Mothership Core (Chrono Boost)  
  36  3:26  Probe (Chrono Boost)  
  37  3:33  Probe (Chrono Boost)  
  38  3:38  Probe (Chrono Boost)  
  39  3:42  Stargate  
  39  3:43  Probe (Chrono Boost)  
  40  3:50  Probe (Chrono Boost)  
  40  3:52  Stargate  
  40  3:54  Probe (Chrono Boost), Adept  
  44  4:15  Probe (Chrono Boost)  
  45  4:19  Probe (Chrono Boost)  
  46  4:29  Oracle  
  46  4:32  Oracle  
  54  4:39  Probe (Chrono Boost)  
  54  4:40  Probe (Chrono Boost)  
  54  5:04  Gateway  
  54  5:07  Forge  
  54  5:10  Gateway  
  54  5:34  Pylon  
  54  5:38  Pylon  
  54  5:43  Pylon  
  54  5:46  Protoss Ground Weapons Level 1, Void Ray x2, Pylon  
  54  5:49  Protoss Air Weapons Level 1  
  54  5:51  Pylon  
  54  5:56  Pylon  
  62  6:23  Void Ray x2  
  70  6:35  Stargate  
  70  6:45  Robotics Facility  
  70  6:56  Adept  
  70  6:57  Adept  
  74  7:10  Nexus  
  74  7:12  Pylon  
  74  7:16  Pylon  
  74  7:28  Void Ray x2  
  74  7:29  Probe x2 (Chrono Boost)  
  76  7:33  Gateway  
  84  7:41  Void Ray  
  88  7:45  Protoss Air Armor Level 1  
  88  7:54  Twilight Council  
  88  8:01  Probe (Chrono Boost)  
  88  8:02  Probe (Chrono Boost)  
  90  8:06  Adept  
  90  8:07  Adept x2  
  90  8:08  Void Ray x2  
  96  8:17  Observer  
  105  8:28  Void Ray  
  109  8:39  Resonating Glaives, Observer  
  110  8:45  Void Ray  
  110  8:52  Probe (Chrono Boost)  
  110  8:53  Probe x2 (Chrono Boost)  
  117  8:59  Warp Prism  
  117  9:02  Probe (Chrono Boost)  
  120  9:05  Probe x2 (Chrono Boost)  
  122  9:12  Void Ray  
  122  9:13  Probe (Chrono Boost)  
  125  9:17  Probe x2 (Chrono Boost)  
  125  9:18  Void Ray  
  133  9:25  Assimilator  
  133  9:29  Assimilator  
  133  9:52  Pylon  
  133  9:54  Probe (Chrono Boost)  
  133  10:04  Nexus, Void Ray x2  
  133  10:05  Probe (Chrono Boost)  
  133  10:06  Pylon  
  133  10:08  Pylon  
  141  10:26  Probe (Chrono Boost)  
  141  10:27  Charge  
  142  10:36  Fleet Beacon  
  142  10:37  Zealot  
  142  10:38  Zealot x3  
  150  10:43  Void Ray  
  150  10:44  Observer  
  155  10:55  Void Ray  
  155  10:59  Pylon  
  155  11:00  Void Ray  
  155  11:02  Pylon  
  157  11:05  Pylon  
  157  11:08  Pylon  
  155  11:13  Pylon  
  151  11:29  Zealot  
  151  11:30  Zealot x3  
  151  11:32  Void Ray  
  159  11:33  Void Ray  
  163  12:26  Zealot x4  
Show
View Real Time Build Order
Export as new Build Order

A.I. 1 (Medium) Zerg 

Build Orders: Hatch First 

Get SALT Encoding   

  12  0:01  Drone  
  13  0:12  Overlord  
  13  0:17  Drone  
  14  0:30  Drone  
  14  0:33  Drone  
  16  0:36  Drone  
  17  0:53  Hatchery  
  17  0:56  Drone  
  17  1:11  Spawning Pool  
  17  1:13  Drone  
  17  1:17  Drone  
  18  1:19  Extractor  
  18  1:21  Drone  
  18  1:28  Overlord  
  18  1:59  Zergling x2  
  18  2:00  Zergling x2, Queen  
  22  2:02  Roach Warren, Extractor, Drone  
  22  2:06  Drone  
  22  2:12  Zergling x2  
  23  2:24  Baneling Nest  
  23  2:27  Drone  
  23  2:31  Zergling x2  
  23  2:35  Zergling x2  
  25  2:38  Zergling x2  
  26  2:54  Roach  
  26  2:55  Overlord  
  28  3:05  Drone  
  28  3:10  Drone, Roach  
  32  3:13  Drone  
  32  3:16  Drone  
  34  3:20  Drone  
  34  3:24  Drone  
  34  3:25  Baneling  
  36  3:28  Lair  
  36  3:47  Overlord  
  36  3:51  Roach  
  38  4:04  Drone, Extractor  
  38  4:07  Roach  
  40  4:16  Overlord  
  40  4:19  Drone  
  40  4:22  Roach  
  40  4:23  Drone  
  44  4:26  Drone  
  44  4:27  Hydralisk Den  
  44  4:29  Drone  
  45  4:32  Drone  
  45  4:35  Drone  
  47  4:38  Drone  
  47  4:43  Drone  
  49  4:45  Drone  
  49  4:51  Overlord  
  50  4:54  Drone  
  50  4:55  Hydralisk  
  50  4:57  Drone  
  54  5:00  Drone  
  54  5:03  Drone  
  54  5:05  Drone  
  57  5:08  Drone  
  57  5:13  Hydralisk  
  60  5:14  Drone  
  60  5:16  Overlord  
  60  5:18  Drone  
  62  5:21  Drone  
  62  5:27  Drone  
  64  5:30  Drone  
  65  5:38  Drone  
  65  5:41  Overlord  
  66  5:45  Drone  
  66  5:46  Roach  
  66  5:48  Drone  
  70  5:55  Overseer  
  70  5:57  Overseer  
  70  5:59  Drone  
  70  6:01  Overlord, Roach  
  70  6:03  Drone  
  74  6:08  Evolution Chamber  
  74  6:10  Drone  
  68  6:13  Spore Crawler  
  68  6:14  Drone  
  68  6:16  Hydralisk  
  65  6:18  Drone  
  65  6:21  Drone  
  65  6:23  Spore Crawler  
  65  6:24  Drone  
  66  6:27  Drone  
  66  6:28  Spore Crawler  
  66  6:31  Drone  
  67  6:36  Drone, Spore Crawler  
  67  6:42  Drone  
  67  6:44  Queen  
  70  6:47  Drone  
  70  6:48  Hydralisk  
  70  6:50  Drone  
  70  6:52  Spine Crawler  
  70  6:53  Drone  
  74  6:56  Drone  
  74  6:59  Drone  
  76  7:03  Overlord  
  76  7:06  Spine Crawler  
  75  7:09  Drone  
  75  7:10  Spine Crawler  
  75  7:14  Drone  
  76  7:17  Spine Crawler  
  76  7:21  Drone, Roach  
  78  7:23  Queen  
  78  7:24  Drone  
  78  7:27  Drone  
  82  7:32  Drone  
  82  7:33  Infestation Pit  
  82  7:35  Drone  
  83  7:42  Drone  
  83  7:43  Spire  
  83  7:45  Evolution Chamber  
  83  7:46  Drone  
  83  7:50  Drone  
  83  7:51  Roach  
  86  8:06  Roach  
  88  8:36  Extractor  
  88  8:37  Drone  
  88  8:59  Drone, Overlord  
  89  9:03  Corruptor  
  89  9:04  Hive  
  89  9:05  Metabolic Boost, Pneumatized Carapace, Overseer, Zerg Melee Weapons Level 1  
  89  9:06  Zerg Ground Armor Level 1  
  91  9:16  Hatchery, Infestor  
  92  9:17  Overlord  
  92  9:28  Corruptor  
  94  9:40  Infestor  
  96  9:48  Burrow  
  96  10:17  Ultralisk Cavern  
  96  10:19  Greater Spire  
  95  10:29  Drone, Queen  
  95  10:32  Drone  
  95  10:35  Drone  
  100  10:37  Extractor  
  100  10:38  Drone  
  100  10:41  Drone  
  100  10:44  Drone  
  100  10:46  Drone, Overlord  
  100  10:49  Drone  
  103  10:54  Overseer  
  99  10:59  Queen  
  99  11:00  Zerg Missile Weapons Level 1  
  101  11:06  Overlord  
  101  11:07  Spine Crawler  
  101  11:09  Drone  
  101  11:15  Corruptor  
  89  11:24  Overseer  
  89  11:25  Overseer  
  62  11:28  Infestor  
  62  11:30  Queen  
  61  11:33  Drone, Spire  
  61  11:35  Roach  
  61  11:36  Drone  
  61  11:39  Drone  
  56  11:42  Drone  
  56  11:45  Drone, Roach  
  43  11:48  Drone  
  43  11:50  Roach  
  43  11:51  Drone  
  43  11:53  Drone  
  40  11:56  Drone  
  40  11:59  Drone  
  41  12:02  Drone  
  41  12:04  Roach  
  41  12:05  Drone  
  41  12:08  Drone  
  38  12:11  Drone, Mutalisk  
  37  12:18  Roach  
  37  12:21  Overseer  
  32  12:23  Spine Crawler  
  32  12:25  Mutalisk  
  29  12:33  Drone  
  25  12:38  Zergling x2  
  25  12:40  Overlord  
  25  12:43  Drone  
  20  12:46  Drone  
Tags
 
Add a new tag
Caveats
  • Supply blocks, unpowered buildings, or Contaminate may cause inaccurate times.
  • Supply counts are checked every 10 seconds.